 Dungeon Crawl Stone Soup version 0.32-a0-841-g4648e6c457 (webtiles) character file.

Game seed: 8774152582010743530

2510 epen the Skirmisher (level 9, -1/67 (69) HPs)
             Began as a Coglin Hunter on Mar 26, 2024.
             Was a Believer of Beogh.
             Slain by a vampire (9 damage)
             ... on level 6 of the Dungeon.
             The game lasted 00:08:01 (4512 turns).

epen the Skirmisher (Coglin Hunter)                 Turns: 4512, Time: 00:08:02

HP:   -1/67 (69)    AC:  6    Str: 11    XL:     9   Next: 53%
MP:   9/9           EV: 15    Int:  9    God:    Beogh [**....]
Gold: 228           SH:  0    Dex: 22    Spells: 8/8 levels left

rFire   . . .        a - +3 sling {Kaya}
rCold   . . .        d - +0 sling {Udom}
rNeg    . . .        k - +2 robe
rPois   .            (no helmet)
rElec   .            (no cloak)
rCorr   .            j - +1 pair of gloves
SInv    .            (no boots)
Will    .....        (amulet unavailable)
Stlth   ++           (ring unavailable)
HPRegen 0.31/turn    (ring unavailable)
MPRegen 0.11/turn    (no gizmo)

%: no passive effects
@: lightly drained, revved
A: off-hand wielding, slow wielding, warmup strikes, no jewellery
a: Invent Gizmo, Renounce Religion, Smiting


You were on level 6 of the Dungeon.
You worshipped Beogh.
Beogh was pleased with you.
You visited 1 branch of the dungeon, and saw 6 of its levels.

You collected 228 gold pieces.

Inventory:

Hand Weapons
 a - a +3 sling (weapon) {Kaya}
 d - a +0 sling (offhand) {Udom}
Armour
 c - a +0 leather armour
 j - a +1 pair of gloves (worn)
 k - a +2 robe (worn)
Talismans
 l - a storm talisman
Wands
 q - a wand of flame (19)
Scrolls
 b - a scroll of butterflies
 g - 2 scrolls of identify
 i - a scroll of enchant weapon
 m - 2 scrolls of poison
 p - a scroll of amnesia
 r - a scroll of teleportation {unknown}
Potions
 e - 2 potions of curing
 f - 2 potions of enlightenment
 h - a potion of invisibility
 n - a potion of cancellation
 o - a potion of magic


   Skills:
 + Level 6.0 Fighting
 * Level 8.2 Ranged Weapons
 + Level 4.9 Armour
 + Level 5.3 Dodging
 - Level 0.7 Stealth


You had 8 spell levels left.
You didn't know any spells.
Your spell library contained the following spells:

 Spells                   Type           Power      Damage    Failure   Level
 Kiss of Death            Conj/Necr      0%         2d5       38%         1
 Confusing Touch          Hex            0%         N/A       77%         3
 Tukima's Dance           Hex            0%         N/A       77%         3
 Dispel Undead            Necr           0%         3d6       99%         4
 Passage of Golubria      Tloc           0%         N/A       99%         4
 Yara's Violent Unravell  Hex/Alch       0%         3d3       100%        5


Dungeon Overview and Level Annotations

Branches:
Dungeon (6/15)
 Temple: D:4-7

Altars:
Ashenzari
Hepliaklqana
Ru
Trog
Zin

Shops:
D:5 =


Innate Abilities, Weirdness & Mutations

Your facial features are unmistakably orcish.
You can wield a second weapon in your off-hand.
It takes a long time for you to wield or remove held weapons.
Your first few attacks do less damage.
You cannot equip rings or amulets.


Message History

You shoot a sling bullet. x2
You shoot a sling bullet. x2
The sling bullet closely misses the wight.
You shoot a sling bullet. x2; Something hits you but does no damage.
Something barely misses you.
You shoot a sling bullet.
The sling bullet barely misses the wight.
You shoot a sling bullet.
The sling bullet hits the wight but does no damage.
Something hits you but does no damage. Something bites you!
Something draws strength from your injuries!
The wight hits you from afar with a +0 halberd!
You shoot a sling bullet. The sling bullet hits the wight.
The wight is lightly damaged.
You shoot a sling bullet. The sling bullet hits the wight.
The wight is heavily damaged.
Something hits you but does no damage. Something barely misses you.
The wight misses you.
You shoot a sling bullet. x2; The wight barely misses you.
Something barely misses you. Something bites you.
Something draws strength from your injuries!
You shoot a sling bullet. The sling bullet hits the wight.
The wight is severely damaged.
You shoot a sling bullet. Something hits you! Something bites you.
Something draws strength from your injuries!
The wight hits you from afar with a +0 halberd!
* * * LOW HITPOINT WARNING * * *
You feel drained.
* * * LOW HITPOINT WARNING * * *
You are too injured to fight recklessly!
You are too injured to fight recklessly!
Fire: a) +3 sling {Kaya}
Press: ? - help, Shift-Dir - straight line, f/p - wight
Aim: a wight, wielding a +0 halberd and wearing a +0 robe (severely damaged, 71% to hit)
You feel better. The wight misses you. Something draws life force from you!
* * * LOW HITPOINT WARNING * * *
You feel better. Something hits you!
* * * LOW HITPOINT WARNING * * *
Something bites you!
You die...

########.##########..............
#.=.# #.......####### ###.###
#....##.# #...## #.....#.# ###..#
#.....#.# ##.############# #....#
####†# #@# . #)## .. #z.## ...
##).# '..g. #))# .g... #).# .....
..........# #.g .....##...).. #.g
..... .......># #


You could see a wight.

Vanquished Creatures
  Pikel (D:5)
  Maggie (D:6)
  Sigmund (D:5)
  Duvessa (D:5)
  2 black bears (D:5)
  3 ogres
  3 lemures (D:5)
  A phantom (D:6)
  A kobold brigand (D:6)
  A bullfrog (D:6)
  A scorpion (D:5)
  2 wights (D:6)
  Dowan (D:5)
  2 howler monkeys
  4 hounds
  A bombardier beetle (D:5)
  A jelly (D:6)
  An orc priest (D:3)
  4 iguanas
  7 gnolls
  8 adders
  A dart slug (D:4)
  A ribbon worm (D:3)
  8 orcs
  4 ball pythons
  10 endoplasms
  4 giant cockroaches
  8 goblins
  5 hobgoblins
  6 jackals (D:3)
  2 quokkas
  3 bats (D:1)
  3 frilled lizards
  10 kobolds
  9 rats
121 creatures vanquished.

Notes
Turn   | Place    | Note
-------+----------+-------------------------------------------
     0 | D:1      | epen the Coglin Hunter began the quest for the Orb.
     0 | D:1      | Reached XP level 1. HP: 16/16 MP: 1/1
   138 | D:1      | Reached XP level 2. HP: 22/22 MP: 2/2
   719 | D:2      | Reached skill level 4 in Ranged Weapons
   719 | D:2      | Reached XP level 3. HP: 27/27 MP: 3/3
   888 | D:2      | Reached skill level 1 in Armour
  1217 | D:3      | Reached XP level 4. HP: 27/34 MP: 4/4
  1356 | D:3      | Reached XP level 5. HP: 30/40 MP: 5/5
  1359 | D:3      | Became a worshipper of Beogh the Shepherd
  1583 | D:3      | Reached * piety under Beogh
  2150 | D:4      | Found a hazy altar of Hepliaklqana.
  2208 | D:4      | Identified the +1 short sword "Newtslayer" {drain, rF+
                  | Dex+3}
  2225 | D:4      | Reached XP level 6. HP: 37/47 MP: 6/6
  2426 | D:4      | Found a glowing silver altar of Zin.
  2713 | D:5      | Entered Level 5 of the Dungeon
  2718 | D:5      | Reached skill level 5 in Ranged Weapons
  2773 | D:5      | Found Emut's Jewellery Emporium.
  2774 | D:5      | Noticed Duvessa
  2890 | D:5      | Noticed Sigmund
  2897 | D:5      | Killed Sigmund
  2898 | D:5      | Reached XP level 7. HP: 51/53 MP: 7/7
  2909 | D:5      | Found a sacrificial altar of Ru.
  3091 | D:5      | Reached skill level 6 in Ranged Weapons
  3116 | D:5      | Reached XP level 8. HP: 39/61 MP: 8/8
  3257 | D:5      | Noticed Pikel
  3286 | D:5      | Killed Pikel
  3287 | D:5      | Reached skill level 5 in Fighting
  3287 | D:5      | Reached skill level 7 in Ranged Weapons
  3603 | D:5      | Noticed Dowan
  3609 | D:5      | Killed Duvessa
  3618 | D:5      | Killed Dowan
  3910 | D:5      | Identified the +0 ring mail "Qeetsair" {rElec rN+ Int+3
                  | Dex-3}
  3946 | D:6      | Reached ** piety under Beogh
  3947 | D:6      | Reached XP level 9. HP: 68/68 MP: 9/9
  4197 | D:6      | Found a broken altar of Ashenzari.
  4201 | D:6      | Saw a vision of the Swamp and the Snake Pit.
  4201 | D:6      | Noticed a goliath frog
  4201 | D:6      | Noticed a shock serpent
  4201 | D:6      | Noticed a black mamba
  4201 | D:6      | Noticed a naga mage
  4201 | D:6      | Noticed a bog body
  4202 | D:6      | Noticed a goliath frog
  4202 | D:6      | Noticed a bloated husk
  4203 | D:6      | Noticed a shock serpent
  4203 | D:6      | Noticed a black mamba
  4204 | D:6      | Noticed a bog body
  4227 | D:6      | Found a bloodstained altar of Trog.
  4312 | D:6      | Noticed Maggie
  4325 | D:6      | Killed Maggie
  4326 | D:6      | Reached skill level 5 in Dodging
  4399 | D:6      | Reached skill level 8 in Ranged Weapons
  4512 | D:6      | Slain by a vampire

Illustrated notes

Levels and vault maps discovered:
D:1:      dpeg_arrival_oval, layout_basic
D:2:      layout_basic
D:3:      layout_basic, st_stairs_12
D:4:      layout_gridville, mainiacjoe_overflow_six_doors_small,
          mainiacjoe_overflow_alcove_2, minmay_bisected
D:5:      layout_basic, mainiacjoe_overflow_cross_hatched, serial_shops,
          nicolae_shop_hallway_plus, minmay_misc_feat_room, uniq_pikel,
          uniq_duvessa, uniq_sigmund
D:6:      lemuel_ice_spiral_2, layout_basic,
          nicolae_wu_jian_immortal_techniques, bloody_trog,
          grunt_ashenzari_visionary [grunt_ashenzari_visionary_swamp,
          grunt_ashenzari_visionary_snake], mainiacjoe_overflow_catch_the_wave,
          uniq_maggie

Skill      XL: |  1  2  3  4  5  6  7  8  9 |
---------------+----------------------------+-----
Dodging        | 2 3 4 5 |  5.3
Ranged Weapons | 4 5 6 7 8 |  8.2
Armour         | 1 2 3 4 |  4.9
Fighting       | 3 4 5 6 |  6.0
Stealth        | |  0.7

Action                     |  1- 3 |  4- 6 |  7- 9 || total
---------------------------+-------+-------+-------++-------
   Fire: Sling             |   112 |   306 |   376 ||   794
 Invoke: Convert to Beogh  |       |     1 |       ||     1
    Use: Scroll            |       |     7 |     4 ||    11
         Potion            |       |       |     2 ||     2
 Armour: Leather armour    |    10 |    32 |    45 ||    87
         Robe              |       |       |    22 ||    22
  Dodge: Dodged            |     5 |    41 |    64 ||   110

Table legend: (Time is in decaauts)
 A = Elapsed time spent in this place.
 B = Non-inter-level travel time spent in this place.
 C = Inter-level travel time spent in this place.
 D = Time resting spent in this place.
 E = Time spent auto-exploring this place.
 F = Levels seen in this place.
 G = Mean time per level.
                   A        B        C        D        E       F      G
               +--------+--------+--------+--------+--------+-----+--------+
         Total |   4568 |   4393 |    175 |    181 |   3541 |   6 |  761.3 |
       Dungeon |   4568 |   4393 |    175 |    181 |   3541 |   6 |  761.3 |
               +--------+--------+--------+--------+--------+-----+--------+

Top non-repeatable levels by time:
     D:5: 1460 daAuts
     D:3: 801 daAuts
     D:4: 761 daAuts
     D:1: 660 daAuts
     D:2: 529 daAuts
     D:6: 354 daAuts
